AoeStats
← Xever | sotooo123

Hideout

503647917Analyzed
4v4 RM · 1mo ago on Sep 1, 2026· 38m 29s· 8 players
Game mode
Random Map
Map size
Large (8 player)
Population
200
Speed
Normal
Resources
Standard
Victory
Conquest
Starting age
Dark Age
Ending age
Imperial Age
RankedLock teamsTeams togetherTeam positionsShared explorationLock speedFull tech treeHidden civsTurbo modeCheats
Victory
Defeat
🇦🇷 Teutons · Argentina
1476
+27
🇦🇷 Persians · Argentina
1456
+13
🇦🇷 Huns · Argentina
1452
+13
🇦🇷 Khmer · Argentina
1438
+14
🇳🇴 Tatars · Norway
1462
-16
🇵🇹 Burmese · Portugal
1386
-13
🇸🇬 Georgians · Singapore
1378
-13
🇹🇷 Vikings · Türkiye
1353
-11
anirone7589
11:02 Feudal Age
15:02 Castle Age
13:01 Double-Bit Axe
13:51 Horse Collar
15:55 Heavy Plow
18:08 Scale Barding Armor
20:15 Town Watch
21:09 Wheelbarrow
21:17 Husbandry
23:05 Bloodlines
23:13 Forging
23:17 Loom
24:24 Bow Saw
24:04 Gold Mining
28:05 Chain Barding Armor
29:03 Gold Mining
30:39 Hand Cart
36:42 Iron Casting
38:56 Imperial Age
BomberC4
9:50 Feudal Age
10:40 Double-Bit Axe
14:02 Fletching
14:18 Gold Mining
15:51 Horse Collar
23:46 Castle Age
22:53 Padded Archer Armor
24:26 Crossbowman
25:11 Bodkin Arrow
25:32 Leather Archer Armor
25:29 Town Watch
25:31 Loom
26:38 Stone Mining
33:28 Imperial Age
31:25 Heavy Plow
31:37 Bow Saw
Combi | Papin
7:05 Loom
9:51 Feudal Age
12:23 Town Watch
14:55 Castle Age
20:46 Horse Collar
23:39 Fervor
27:00 Redemption
30:28 Fletching
32:23 Sanctity
33:58 Wheelbarrow
35:31 Hand Cart
Vardyn
8:42 Feudal Age
9:12 Double-Bit Axe
10:29 Horse Collar
15:23 Wheelbarrow
18:41 Castle Age
17:46 Scale Barding Armor
17:59 Bloodlines
18:10 Gold Mining
19:32 Bow Saw
23:26 Chain Barding Armor
27:55 Hand Cart
33:53 Imperial Age
31:09 Loom
Xever | sotooo123
11:04 Feudal Age
12:15 Double-Bit Axe
15:08 Castle Age
14:41 Bloodlines
15:19 Scale Barding Armor
15:36 Loom
19:37 Horse Collar
22:36 Gold Mining
24:46 Bow Saw
27:14 Wheelbarrow
27:26 Forging
28:42 Chain Barding Armor
29:26 Husbandry
31:48 Gold Shaft Mining
33:04 Iron Casting
33:32 Hand Cart
34:19 Heavy Plow
34:11 Town Watch
37:17 Imperial Age
36:24 Stone Mining
37:40 Stone Shaft Mining
37:20 Cavalier
38:29 Devotion
38:18 Elite Battle Elephant
XEVER | Dylan
9:38 Feudal Age
13:15 Castle Age
11:20 Horse Collar
13:50 Double-Bit Axe
14:55 Bow Saw
16:05 Loom
19:39 Town Watch
21:33 Wheelbarrow
22:00 Fletching
24:01 Gold Mining
24:55 Hand Cart
29:28 Imperial Age
27:08 Scale Barding Armor
27:55 Gold Shaft Mining
27:56 Bloodlines
27:46 Husbandry
28:34 Heavy Plow
30:03 Chain Barding Armor
32:02 Plate Barding Armor
32:49 Cavalier
34:22 Forging
34:05 Stone Mining
36:42 Guilds
37:49 Two-Man Saw
37:23 Crop Rotation
37:31 Savar
39:01 Stone Shaft Mining
Sirius Black
6:45 Loom
9:01 Feudal Age
9:55 Double-Bit Axe
15:09 Horse Collar
19:56 Castle Age
18:25 Fletching
19:01 Padded Archer Armor
19:24 Man-at-Arms
20:00 Crossbowman
20:37 Bodkin Arrow
22:55 Ballistics
26:27 Town Watch
31:13 Leather Archer Armor
39:01 Imperial Age
Pab10
10:52 Feudal Age
14:28 Castle Age
13:04 Double-Bit Axe
14:48 Horse Collar
20:53 Loom
21:57 Wheelbarrow
24:32 Bloodlines
25:24 Scale Barding Armor
25:25 Gold Mining
25:43 Heavy Plow
25:32 Town Watch
27:48 Chain Barding Armor
27:39 Forging
28:49 Bow Saw
28:59 Devotion
29:22 Stone Mining
30:00 Hand Cart
33:35 Town Patrol
37:02 Imperial Age
37:11 Fletching
37:56 Iron Casting
37:04 Cavalier
38:08 Conscription
38:57 Plate Barding Armor
Connection lost

Rejoining the realm…

Still unreachable

The connection could not be restored.

Session expired

The server has moved on; the page needs a fresh start.